 Dungeon Crawl Stone Soup version 0.17-a0-2127-g1cb09f6 (webtiles) character file.

38868 4thArraOfDagon the Brawler (level 13, -3/132 HPs)
             Began as a Troll Monk on Oct 23, 2015.
             Was a High Priest of Cheibriados.
             Shot with an arrow of flame by a deep elf master archer (17 damage)
             ... on level 3 of the Elven Halls.
             The game lasted 00:33:53 (5896 turns).

4thArraOfDagon the Brawler (Troll Monk)             Turns: 5896, Time: 00:33:53

Health: -3/132     AC: 19    Str: 40    XL:     13   Next: 66%
Magic:  14/19      EV: 26    Int: 28    God:    Cheibriados [*****.]
Gold:   165        SH:  2    Dex: 31    Spells: 1 memorised, 11 levels left

rFire  + + .     SeeInvis .       - Unarmed
rCold  x . .     Clarity  .     a - +1 fire dragon armour "Wesheuc" {rF++ rC- Str+4 Int+2}
rNeg   + + .     SustAt   .     (no shield)
rPois  .         Gourm    +     y - +2 hat
rElec  .         Spirit   .     i - +2 cloak
rCorr  .         Warding  .     (gloves unavailable)
rMut   .         Stasis   .     (boots unavailable)
MR     .....                    (no amulet)
Stlth  ++........               C - ring of positive energy
                                s - ring of positive energy

@: agile, very slow, not resistant to hostile enchantments, unstealthy
A: unfitting armour, claws 3, repulsion field 1, large bone plates 1, blink,
clever 1, fast metabolism 3, gourmand, regeneration 2, shaggy fur 1, tough skin
2
a: Blink, Bend Time, Temporal Distortion, Slouch, Step From Time, Renounce
Religion


You were on level 3 of the Elven Halls.
You worshipped Cheibriados.
Cheibriados was extremely pleased with you.
You were completely stuffed.

You visited 4 branches of the dungeon, and saw 18 of its levels.

You collected 1187 gold pieces.
You spent 1022 gold pieces at shops.

Inventory:

Hand Weapons
 z - a +0 giant spiked club
Armour
 a - the +1 fire dragon armour "Wesheuc" (worn) {rF++ rC- Str+4 Int+2}
   (You acquired it on level 4 of the Orcish Mines)

   It affects your strength (+4).
   It affects your intelligence (+2).
   It greatly protects you from fire.
   It makes you vulnerable to cold.
 i - a +2 cloak (worn)
 m - a +1 robe of the Archmagi
 y - a +2 hat (worn)
 D - the +4 robe of Night {+Inv MR+ SInv Stlth+}
   (You took it off a deep elf annihilator on level 3 of the Elven Halls)

   It affects your resistance to hostile enchantments.
   It lets you see invisible.
   It lets you turn invisible.
   It makes you more stealthy.
Jewellery
 s - a ring of positive energy (left claw)
 C - a ring of positive energy (right claw)
 H - an uncursed ring of fire
 J - an uncursed amulet of rage {unknown}
 L - an uncursed ring of magical power {unknown}
Wands
 j - a wand of digging (4)
 I - a wand of paralysis (14)
Scrolls
 c - 2 scrolls of recharging {unknown}
 d - 2 scrolls of noise
 e - 3 scrolls of fear {unknown}
 f - 2 scrolls of teleportation
 k - 3 scrolls of remove curse
 l - a scroll of amnesia
 n - a scroll of fog {unknown}
 w - a scroll of blinking {unknown}
 A - a scroll of holy word {unknown}
 B - 2 scrolls of summoning {unknown}
 G - a scroll of silence {unknown}
Potions
 g - a potion of resistance {unknown}
 o - a potion of haste
 p - 2 potions of poison
 q - 2 potions of agility
 t - a potion of degeneration {unknown}
 u - a potion of cancellation {unknown}
 E - a potion of lignification
 K - a potion of curing
Books
 x - a book of Ice

   Spells                             Type                      Level
   a - Ice Form                       Ice/Transmutation            4
   b - Metabolic Englaciation         Hexes/Ice                    5
   c - Ozocubu's Refrigeration        Ice                          6
   d - Bolt of Cold                   Conjuration/Ice              6
   e - Freezing Cloud                 Conjuration/Ice/Air          6
   f - Simulacrum                     Ice/Necromancy               6
Comestibles
 b - 3 bread rations
 v - a beef jerky
 F - 2 meat rations


   Skills:
 + Level 9.7 Fighting
 + Level 9.5 Dodging
 - Level 1.1 Stealth
 * Level 15.1 Unarmed Combat
 + Level 9.4 Invocations


You had 11 spell levels left.
You knew the following spells:

 Your Spells              Type           Power        Failure   Level  Hunger
a - Summon Butterflies    Summ           #.......     24%         1    ##.....


Dungeon Overview and Level Annotations

Branches:
Dungeon (10/15)            Temple (1/1) D:4            Lair (0/8) D:10
    Orc (4/4) D:10            Elf (3/3) Orc:3

Altars:
Cheibriados
Dithmenos
Nemelex Xobeh
Okawaru
Qazlal
Sif Muna
Xom
Yredelemnul
The Shining One
Beogh

Shops:
D:9 }   Orc:4 !}(?   Elf:2 *

Annotations:
D:6 Prince Ribbit
Orc:2 Rupert


Innate Abilities, Weirdness & Mutations

You are too large for most types of armour.
You have claws for hands.
Your metabolism is lightning-fast.
You like to eat raw meat.
You heal very quickly.
You are covered in fur (AC +1).
You have very tough skin (AC +2).
You are surrounded by a mild repulsion field (EV +2).
You are partially covered in large bone plates (AC +2, SH +2).
You can translocate small distances at will.
Your mind is acute. (Int +2)


Message History

Unknown command.
You mangle the deep elf master archer!!
The deep elf master archer is heavily wounded.
The deep elf master archer shoots an arrow of flame.
The arrow of flame hits you!
* * * LOW HITPOINT WARNING * * *
Unknown command.
Unknown command.
Unknown command.
Use which ability?
You can feel time thicken for a moment.
You feel somewhat less full.
Cheibriados reduces the support of your attributes as your movement quickens.
The deep elf master archer shoots an arrow of flame.
The arrow of flame hits you!
* * * LOW HITPOINT WARNING * * *
The arrow of flame burns you.
* * * LOW HITPOINT WARNING * * *
The deep elf master archer shoots an arrow of flame.
The arrow of flame hits you!
You die...

##(...........#
##.#.#########'#
#(##.# #.# #
##)#.# #.# #..
##..# #.#
.....##.# #(#
=e⌠....(## #.#
.....###e# #.#
#... #@#.# #.#
##. #.###.# #.#
# #.# #.# ##'##
#(# #.# #...# ##
#.##...###
#.......#
#<......#
#...<...#
###...###


You could see a deep elf master archer.

Vanquished Creatures
  Gastronok (Orc:2)
  2 deep elf sorcerers
  An orc warlord (Orc:4)
  The ghost of septik the Bludgeoner, a journeyman MiBe of Trog (Orc:4)
  3 deep elf demonologists (Elf:3)
  2 deep elf annihilators (Elf:3)
  A deep elf death mage (Elf:3)
  A deep elf high priest (Elf:3)
  A death yak (D:7)
  4 orc high priests (Orc:4)
  2 deep elf knights
  2 orc knights (Orc:4)
  5 deep elf summoners (Elf:3)
  3 orc sorcerers
  4 deep elf conjurers
  3 griffons (D:7)
  A black mamba (shapeshifter) (Elf:3)
  3 trolls
  4 deep elf priests
  3 polar bears (D:7)
  Grinder (D:5)
  3 two-headed ogres (Orc:4)
  3 yaks (D:10)
  6 deep elf magi
  A hog (D:7)
  A trapdoor spider (shapeshifter) (Elf:2)
  A wraith (D:9)
  3 hippogriffs
  2 hungry ghosts
  5 deep elf fighters
  A warg (Orc:2)
  4 black bears (D:7)
  41 orc warriors
  A sky beast (D:8)
  A wolf (D:8)
  An eye of draining (D:10)
  2 ice beasts
  A phantom (D:8)
  A crocodile (D:7)
  13 ogres
  A big kobold (D:8)
  4 centaurs
  4 giant frogs
  A scorpion (D:5)
  2 quasits
  4 crimson imps
  A hound (D:6)
  24 orc wizards
  Crazy Yiuf (D:6)
  30 orc priests
  A giant frog skeleton (D:10)
  An iguana (D:7)
  3 worker ants
  3 gnolls
  7 adders
  2 shadow imps
  An ooze (D:2)
  194 orcs
  A ball python (D:5)
  A giant cockroach (D:7)
  A goblin (D:1)
  A quokka (D:9)
  2 bats
  A giant newt (D:5)
  4 kobolds
  A quokka zombie (D:7)
  3 rats
438 creatures vanquished.

Notes
Turn   | Place    | Note
--------------------------------------------------------------
     0 | D:1      | 4thArraOfDagon the Troll Monk began the quest for the Orb.
     0 | D:1      | Reached XP level 1. HP: 22/22 MP: 0/0
   129 | D:2      | Reached XP level 2. HP: 29/29 MP: 1/1
   132 | D:2      | Found an iron altar of Okawaru.
   241 | D:4      | Found a basalt altar of Yredelemnul.
   255 | D:4      | Found a stormy altar of Qazlal.
   263 | D:4      | You fall through a shaft!
   263 | D:5      | Entered Level 5 of the Dungeon
   263 | D:5      | Noticed a scorpion
   278 | D:5      | Killed a scorpion
   278 | D:5      | Reached skill level 5 in Unarmed Combat
   278 | D:5      | Reached XP level 3. HP: 13/37 MP: 2/2
   278 | D:5      | Reached XP level 4. HP: 15/45 MP: 3/3
   421 | D:7      | Reached XP level 5. HP: 53/53 MP: 4/4
   498 | D:7      | Reached XP level 6. HP: 33/61 MP: 5/5
   552 | D:7      | Reached skill level 6 in Unarmed Combat
   569 | D:7      | Noticed an ice beast
   582 | D:7      | Killed an ice beast
   595 | D:7      | Noticed a centaur
   597 | D:7      | Found a huge runed gate.
   597 | D:7      | Noticed an ogre
   598 | D:7      | Noticed a hippogriff
   601 | D:7      | Found a huge runed gate.
   601 | D:7      | Noticed a black bear
   602 | D:7      | Noticed a griffon
   602 | D:7      | Noticed a polar bear
   602 | D:7      | Found a huge runed gate.
   602 | D:7      | Noticed a polar bear
   602 | D:7      | Noticed a griffon
   602 | D:7      | Noticed a black bear
   602 | D:7      | Noticed a hog
   602 | D:7      | Noticed a black bear
   602 | D:7      | Noticed a wolf
   603 | D:7      | Noticed a polar bear
   603 | D:7      | Noticed a griffon
   603 | D:7      | Noticed a hog
   606 | D:7      | Noticed a black bear
   606 | D:7      | Noticed a death yak
   606 | D:7      | Noticed a black bear
   606 | D:7      | Killed an ogre
   607 | D:7      | Found a huge runed gate.
   609 | D:7      | Noticed a black bear
   613 | D:7      | Killed a centaur
   613 | D:7      | Reached XP level 7. HP: 11/70 MP: 6/6
   645 | D:6      | Noticed an ice beast
   658 | D:6      | Noticed Prince Ribbit
   723 | D:6      | Killed an ice beast
   740 | D:6      | Noticed Crazy Yiuf
   746 | D:6      | Killed Crazy Yiuf
   933 | D:5      | Noticed Grinder
   934 | D:5      | Paralysed by Grinder for 2 turns
   944 | D:4      | Found a staircase to the Ecumenical Temple.
   965 | Temple   | Entered the Ecumenical Temple
   984 | Temple   | Became a worshipper of Cheibriados the Contemplative
   984 | Temple   | Reached * piety under Cheibriados
   984 | Temple   | Reached ** piety under Cheibriados
  1003 | D:4      | Reached skill level 7 in Unarmed Combat
  1047 | D:5      | Paralysed by Grinder for 2 turns
  1059 | D:5      | Killed Grinder
  1059 | D:5      | Reached skill level 1 in Invocations
  1116 | D:6      | Found a stormy altar of Qazlal.
  1133 | D:6      | Reached XP level 8. HP: 75/79 MP: 8/8
  1172 | D:7      | Found a sparkling altar of Nemelex Xobeh.
  1248 | D:7      | Noticed a centaur
  1256 | D:7      | Killed a centaur
  1291 | D:7      | Killed a polar bear
  1291 | D:7      | Reached skill level 5 in Fighting
  1291 | D:7      | Reached skill level 8 in Unarmed Combat
  1295 | D:7      | Killed a polar bear
  1295 | D:7      | Reached skill level 5 in Dodging
  1306 | D:7      | Killed a death yak
  1306 | D:7      | Reached skill level 9 in Unarmed Combat
  1306 | D:7      | Reached XP level 9. HP: 46/88 MP: 4/10
  1312 | D:7      | Killed a griffon
  1317 | D:7      | Killed a polar bear
  1321 | D:7      | Killed a griffon
  1324 | D:7      | Killed a griffon
  1324 | D:7      | Reached skill level 10 in Unarmed Combat
  1327 | D:7      | Killed a hog
  1373 | D:7      | Killed a black bear
  1373 | D:7      | Reached XP level 10. HP: 45/98 MP: 12/12
  1421 | D:7      | Killed a black bear
  1423 | D:7      | Killed a black bear
  1427 | D:7      | Killed a hippogriff
  1463 | D:7      | Killed a black bear
  1463 | D:7      | Reached *** piety under Cheibriados
  1570 | D:8      | Found a glowing golden altar of the Shining One.
  1639 | D:8      | Killed a wolf
  1689 | D:8      | Reached skill level 5 in Invocations
  1862 | D:10     | Entered Level 10 of the Dungeon
  1942 | D:10     | Found a staircase to the Lair.
  1955 | D:10     | Reached skill level 11 in Unarmed Combat
  2011 | D:10     | Reached **** piety under Cheibriados
  2032 | D:10     | Got a transparent plate armour
  2183 | D:10     | Found a roughly hewn altar of Beogh.
  2183 | D:10     | Found a staircase to the Orcish Mines.
  2273 | D:9      | Found Iptil's Gadget Shop.
  2350 | Orc:1    | Entered Level 1 of the Orcish Mines
  2392 | Orc:1    | Reached ***** piety under Cheibriados
  2397 | Orc:1    | Reached XP level 11. HP: 69/109 MP: 8/14
  2585 | Orc:1    | Noticed an orc sorcerer
  2585 | Orc:1    | Noticed an orc sorcerer
  2588 | Orc:1    | Killed an orc sorcerer
  2588 | Orc:1    | Killed an orc sorcerer
  2744 | Orc:2    | Noticed Gastronok
  2770 | Orc:2    | Killed Gastronok
  2770 | Orc:2    | Reached skill level 12 in Unarmed Combat
  2791 | Orc:2    | :(
  2873 | Orc:4    | Entered Level 4 of the Orcish Mines
  3451 | Orc:4    | Reached ****** piety under Cheibriados
  3473 | Orc:4    | HP: 2/111 [orc knight/great mace (19)]
  3528 | Orc:4    | Found a roughly hewn altar of Beogh.
  3598 | Orc:4    | Found Qapnofimm's Weapon Boutique.
  3601 | Orc:4    | Found Pupluloo's Magic Scroll Shop.
  3622 | Orc:4    | Reached XP level 12. HP: 116/119 MP: 16/16
  3749 | Orc:2    | Noticed Rupert
  3773 | Orc:1    | You fall through a shaft!
  3827 | Orc:4    | Bought a scroll of acquirement for 728 gold pieces
  3828 | Orc:4    | Got a fine fire dragon armour
  3839 | Orc:4    | Identified the +1 fire dragon armour "Wesheuc" {rF++ rC- Str+4 Int+2} (You acquired it on level 4 of the Orcish Mines)
  3839 | Orc:4    | :(
  3949 | Orc:4    | Reached skill level 13 in Unarmed Combat
  4101 | Orc:4    | Noticed septik's ghost (journeyman MiBe)
  4123 | Orc:4    | Killed septik's ghost
  4179 | Orc:4    | Noticed an orc warlord
  4200 | Orc:4    | Killed an orc warlord
  4292 | Orc:4    | Found a roughly hewn altar of Beogh.
  4324 | Orc:4    | Noticed an orc high priest
  4336 | Orc:4    | Killed an orc high priest
  4383 | Orc:4    | Noticed an orc high priest
  4405 | Orc:4    | Killed an orc high priest
  4421 | Orc:4    | Found Irinapea's Distillery.
  4429 | Orc:4    | Bought a potion of lignification for 42 gold pieces
  4429 | Orc:4    | Bought a potion of mutation for 35 gold pieces
  4429 | Orc:4    | Bought 2 potions of agility for 112 gold pieces
  4431 | Orc:4    | Gained mutation: You can translocate small distances at will. [potion of mutation]
  4431 | Orc:4    | Gained mutation: You are surrounded by a mild repulsion field (EV +2). [potion of mutation]
  4431 | Orc:4    | Gained mutation: You are partially covered in large bone plates (AC +2, SH +2). [potion of mutation]
  4457 | Orc:4    | Noticed an orc high priest
  4528 | Orc:4    | Killed an orc high priest
  4529 | Orc:4    | Found Plog's Gadget Boutique.
  4588 | Orc:4    | Noticed an orc high priest
  4602 | Orc:4    | Killed an orc high priest
  4862 | Orc:3    | Found a staircase to the Elven Halls.
  4882 | Elf:1    | Entered Level 1 of the Elven Halls
  4980 | Elf:2    | Reached skill level 14 in Unarmed Combat
  5015 | Elf:2    | Noticed a deep elf sorcerer
  5025 | Elf:2    | Killed a deep elf sorcerer
  5199 | Elf:2    | Reached XP level 13. HP: 122/131 MP: 18/18
  5248 | Elf:2    | Found Wuthrobi's Assorted Antiques.
  5256 | Elf:2    | Bought a potion of curing for 63 gold pieces
  5256 | Elf:2    | Bought a scroll labeled FOUTAE FECHO for 21 gold pieces
  5256 | Elf:2    | Bought a scroll labeled REWKUA NITO for 21 gold pieces
  5266 | Elf:3    | Entered Level 3 of the Elven Halls
  5412 | Elf:3    | Noticed a deep elf demonologist
  5415 | Elf:3    | Killed a deep elf demonologist
  5428 | Elf:3    | Gained mutation: Your mind is acute. (Int +2) [potion of beneficial mutation]
  5431 | Elf:3    | Identified the Grimoire of the Entourage
  5434 | Elf:3    | Learned a level 1 spell: Summon Butterflies
  5584 | Elf:3    | Noticed a deep elf demonologist
  5595 | Elf:3    | Noticed a Brimstone Fiend
  5597 | Elf:3    | Noticed a Shadow Fiend
  5599 | Elf:3    | Killed a deep elf demonologist
  5660 | Elf:3    | Noticed a deep elf demonologist
  5675 | Elf:3    | Noticed a deep elf sorcerer
  5676 | Elf:3    | Noticed a Brimstone Fiend
  5680 | Elf:3    | Killed a deep elf demonologist
  5681 | Elf:3    | Killed a deep elf sorcerer
  5839 | Elf:3    | Noticed a deep elf annihilator
  5849 | Elf:3    | Killed a deep elf annihilator
  5849 | Elf:3    | Reached skill level 15 in Unarmed Combat
  5857 | Elf:3    | Noticed a deep elf annihilator
  5872 | Elf:3    | Killed a deep elf annihilator
  5884 | Elf:3    | Noticed a deep elf master archer
  5896 | Elf:3    | Shot with an arrow of flame by a deep elf master archer

Vault maps used:
D:1:      dpeg_arrival_signposts
D:2:      overflow_temple_1_default
D:3:      first_bread, kennysheep_crisscross, minmay_misc_feat_alley, uniq_iyjb
D:4:      lemuel_doored_altar, yredelemnul_altar_generic,
          grunt_qazlal_sundering, minmay_temple_entry_mist, uniq_blork_the_orc,
          uniq_edmund
D:5:      kennysheep_generic_room_11, uniq_grinder
D:6:      basic_altar, uniq_crazy_yiuf_cottage, uniq_prince_ribbit1
D:7:      lemuel_bear_cage, nemelex_deck
D:8:      nicolae_overflow_crystal_walls
D:9:      lemuel_zombie_altar_kikubaaqudgha, serial_shops, kennysheep_mini,
          the_bakery
D:10:     dpeg_lair_monsters, david_orc_5, grunt_ministairs_3
Temple:   oiseaux_autumnal_temple_12
Orc:1:    guppyfry_library_mini
Orc:2:    uniq_gastronok, uniq_rupert
Orc:3:    nicolae_orc_pool_cavern
Orc:4:    pubby_orc_utopia
Elf:1:    eino_elf_arrival_the_gate, evilmike_minifort
Elf:2:    serial_shops, shop
Elf:3:    grunt_elf_hall_diamonds, minmay_misc_feat_rows, minmay_elf_demonology

Action                   |  1- 3 |  4- 6 |  7- 9 | 10-12 | 13-15 || total
-------------------------+-------+-------+-------+-------+-------++-------
Melee: Unarmed           |    34 |    86 |   147 |   769 |   110 ||  1146
Throw: Throwing net      |       |       |     2 |     3 |     1 ||     6
Invok: Bend Time         |       |       |     2 |       |       ||     2
       Slouch            |       |       |       |     9 |     3 ||    12
       Temporal Distorti |       |       |       |     3 |     1 ||     4
Evoke: Wand              |       |       |     3 |       |     6 ||     9
       Deck              |       |       |     5 |       |       ||     5
  Use: Potion            |       |     3 |     3 |     1 |     2 ||     9
       Scroll            |       |       |     8 |     5 |     3 ||    16
 Stab: Sleeping          |     1 |     1 |       |     5 |       ||     7
       Distracted        |       |       |     1 |       |       ||     1
       Held in net/web   |       |       |       |     5 |       ||     5
  Eat: Chunk             |     3 |     8 |     5 |    37 |     6 ||    59
